 Dungeon Crawl Stone Soup version 0.22-a0-445-g8c8ef71 (webtiles) character file.

47056 emperorscorpion the Eclecticist (level 14, -2/78 HPs)
             Began as a Deep Elf Ice Elementalist on June 3, 2018.
             Was a High Priest of Vehumet.
             Shot with an arrow by a centaur warrior (26 damage)
             ... on level 15 of the Dungeon.
             The game lasted 01:18:04 (20950 turns).

emperorscorpion the Eclecticist (DEIE)             Turns: 20950, Time: 01:18:05

Health: -2/78      AC:  9    Str:  5    XL:     14   Next: 7%
Magic:  4/36       EV: 20    Int: 26    God:    Vehumet [*****.]
Gold:   773        SH:  0    Dex: 15    Spells: 7/45 levels left

rFire    . . .     SeeInvis .   V - -1 arbalest (curse)
rCold    + . .     Gourm    .   (shield currently unavailable)
rNeg     . . .     Faith    .   U - +1 robe {rC+}
rPois    .         Spirit   .   Z - +0 helmet
rElec    .         Reflect  .   v - +0 cloak
rCorr    .         Harm     .   (no gloves)
MR       +....                  (no boots)
Stlth    +++.......             l - amulet of magic regeneration
HPRegen  0.23/turn              K - +3 ring of evasion
MPRegen  0.50/turn              t - +3 ring of protection

@: no status effects
A: talons 1, rugged brown scales 1
a: Renounce Religion


You were on level 15 of the Dungeon.
You worshipped Vehumet.
Vehumet was extremely pleased with you.
You were not hungry.

You visited 2 branches of the dungeon, and saw 16 of its levels.
You also visited: Bailey.

You collected 1347 gold pieces.
You spent 574 gold pieces at shops.

Inventory:

Hand Weapons
 a - a +3 quarterstaff of chaos
 V - a cursed -1 arbalest (weapon)
Missiles
 o - 495 bolts (quivered)
 u - 49 poisoned needles
 I - 6 curare-tipped needles
 L - 8 needles of confusion
Armour
 b - a +2 robe of magic resistance
 v - a +0 cloak (worn)
 U - a +1 robe of cold resistance (worn)
 Z - a +0 helmet (worn)
Magical Staves
 Y - an uncursed staff of cold
Jewellery
 i - an uncursed ring of positive energy
 l - an amulet of magic regeneration (around neck)
 m - a +4 ring of strength
 t - a +3 ring of protection (right hand)
 w - an uncursed amulet of guardian spirit {unknown}
 x - a +3 ring of strength
 A - an uncursed amulet of faith {unknown}
 E - a +3 ring of protection
 K - a +3 ring of evasion (left hand)
 P - an uncursed ring of poison resistance
 Q - a +3 ring of evasion
 W - an uncursed ring of positive energy
Wands
 h - a wand of digging (1)
 j - a wand of acid (6)
 p - a wand of flame (91)
 J - a wand of polymorph (30)
 N - a wand of iceblast (4)
 T - a wand of random effects (28)
Scrolls
 k - 5 scrolls of magic mapping
 y - 6 scrolls of teleportation
 D - a scroll of remove curse
 F - a scroll of fear
 O - 2 scrolls of amnesia
 X - 3 scrolls of enchant armour
Potions
 d - 5 potions of curing
 e - a potion of heal wounds
 f - a potion of resistance
 g - 3 potions of brilliance
 n - 2 potions of flight
 q - a potion of haste
 r - 3 potions of cancellation
 s - a potion of agility
 z - a potion of magic
 B - 4 potions of lignification
 C - a potion of ambrosia
 G - a potion of berserk rage
 M - 3 potions of mutation
 R - a potion of might
Miscellaneous
 S - a phial of floods
Comestibles
 c - 17 rations
 H - 11 chunks of flesh


   Skills:
 + Level 4.5 Fighting
   Level 0.3 Short Blades
 + Level 7.7 Staves
 + Level 6.0 Crossbows
 + Level 7.1 Dodging
 + Level 6.6 Stealth
 * Level 16.3 Spellcasting
 + Level 10.1 Conjurations
 + Level 8.2 Hexes
 + Level 0.6 Summonings
 * Level 2.9 Necromancy
 + Level 0.7 Fire Magic
 + Level 11.8 Ice Magic
 + Level 0.3 Air Magic
 + Level 4.5 Evocations


You had 7 spell levels left.
You knew the following spells:

 Your Spells              Type           Power        Failure   Level  Hunger
a - Freeze                Ice            ####         0%          1    None
b - Throw Icicle          Conj/Ice       ######..     1%          4    None
c - Summon Ice Beast      Ice/Summ       ######..     1%          4    None
d - Flame Tongue          Conj/Fire      #####        1%          1    None
e - Ensorcelled Hibernat  Hex/Ice        ######       1%          2    None
f - Fulminant Prism       Conj/Hex       ######....   1%          4    None
g - Sticky Flame          Conj/Fire      #####...     1%          4    None
h - Bolt of Cold          Conj/Ice       ######....   1%          6    ####...
i - Freezing Cloud        Conj/Ice/Air   ######....   4%          6    ####...
j - Simulacrum            Ice/Necr       ######....   19%         6    ####...

Your spell library contained the following spells:

 Spells                   Type           Power        Failure   Level  Hunger
 Cause Fear               Hex            ######....   1%          4    None
 Apportation              Tloc           ###...       2%          1    None
 Confuse                  Hex            ######..     1%          3    None
 Throw Frost              Conj/Ice       ######       1%          2    None
 Summon Small Mammal      Summ           ###.         1%          1    None
 Animate Skeleton         Necr           N/A          1%          1    None
 Ozocubu's Refrigeration  Ice            ######....   1%          6    ####...
 Ozocubu's Armour         Chrm/Ice       ######..     1%          3    None
 Tukima's Dance           Hex            ######..     1%          3    None
 Ice Form                 Ice/Tmut       ######..     2%          4    None
 Deflect Missiles         Chrm/Air       ###.......   98%         6    ####...
 Confusing Touch          Hex            ######       1%          1    None
 Metabolic Englaciation   Hex/Ice        ######....   1%          5    None
 Silence                  Hex/Air        #####.....   12%         5    None
 Corona                   Hex            ######.      1%          1    None
 Dazzling Spray           Conj/Hex       ######       1%          3    None
 Discord                  Hex            ######....   99%         8    #######
 Yara's Violent Unravell  Hex/Tmut       #####.....   3%          5    None


Dungeon Overview and Level Annotations

Branches:
Dungeon (15/15)            Temple (1/1) D:5            Lair (0/6) D:9
    Orc (0/2) D:11         Vaults (0/5) D:13
 Depths: D:15

Altars:
Ashenzari
Cheibriados
Dithmenos
Elyvilon
Fedhas
Gozag
Hepliaklqana
Kikubaaqudgha
Makhleb
Nemelex Xobeh
Okawaru
Qazlal
Ru
Sif Muna
Trog
Uskayaw
Vehumet
Wu Jian
Xom
Yredelemnul
Zin
The Shining One

Shops:
D:5 (   D:6 [   D:8 *   D:14 *![


Innate Abilities, Weirdness & Mutations

You have sharp toenails.
You are partially covered in rugged brown scales. (AC +1, +3% HP)


Message History

Vehumet accepts your kill.
You feel your power returning.
The centaur warrior shoots an arrow.
The arrow misses you.
The centaur wields an uncursed shortbow.
The centaur shoots an arrow.
The arrow hits your bullfrog simulacrum!
Your bullfrog simulacrum vapourises!
The centaur shoots an arrow.
The arrow hits you!
* * * LOW HITPOINT WARNING * * *
The centaur warrior shoots an arrow.
The arrow hits your centaur simulacrum!!
Your centaur simulacrum vapourises!
You swap places.
The centaur shoots an arrow.
The arrow hits your centaur simulacrum!
Things that are here:
6 arrows; a bullfrog skeleton The centaur shoots an arrow.
The arrow hits your centaur simulacrum!
Your centaur simulacrum vapourises!
The centaur warrior shoots an arrow.
The arrow hits you!!
You die...

.#(............
...............
#cc...........
#..§........ ..
#..c...... .... .
#<.#.§§ZZ# ......
#....)§Z# ##.# .# ..
####.##(###..##.# ...
#@#.......##.....
###.##.................
...............#........
.....####........#......
...............###......
.....####.(............
.. ..............#.### .
####............^..
#......#.#...##


You could see a centaur warrior, 2 centaurs, a friendly bullfrog simulacrum and
2 friendly centaur simulacra.

Vanquished Creatures
  Rupert (D:13)
  An orc warlord (D:10)
  Nessos (D:13)
  Snorg (D:13)
  Fannar (D:12)
  A catoblepas (D:12)
  4 death yaks
  7 two-headed ogres
  Urug (D:13)
  Sonja (D:13)
  A shadow wraith (D:13)
  An unseen horror (D:13)
  2 orc knights
  An ugly thing (D:12)
  A deep elf mage (D:15)
  A salamander (shapeshifter) (D:14)
  3 cyclopes
  A manticore (D:12)
  A gargoyle (D:12)
  A komodo dragon (D:14)
  A rime drake (shapeshifter) (D:14)
  5 yaktaurs
  A harpy zombie (D:15)
  Prince Ribbit (D:7)
  8 trolls
  14 slime creatures
  Grinder (D:5)
  4 hippogriffs
  3 shadows
  4 wraiths
  Sigmund (D:6)
  A wyvern (D:14)
  Grum (D:9)
  A vampire (D:11)
  Eustachio (D:5)
  16 humans (D:13)
  15 yaks
  2 hungry ghosts
  5 vampire mosquitoes
  14 wargs (D:10)
  A steam dragon (D:12)
  Menkaure (D:5)
  An acid dragon (D:11)
  A water moccasin (D:5)
  2 ice beasts (D:9)
  27 orc warriors
  5 sky beasts
  A phantom (D:5)
  4 black bears
  An eye of draining (D:11)
  4 ogres
  3 wolves
  12 centaurs
  4 bullfrogs
  2 big kobolds (D:10)
  4 scorpions
  11 wights
  2 electric eels (D:4)
  4 howler monkeys
  3 centaur zombies
  8 crimson imps
  A bullfrog zombie (D:11)
  3 quasits
  4 jellies
  Crazy Yiuf (D:3)
  7 hounds
  12 orc priests
  16 orc wizards
  5 centaur skeletons
  Ijyb (D:5)
  3 iguanas
  15 worker ants
  A hound skeleton (D:8)
  2 worker ant zombies
  14 adders
  2 gnolls (D:4)
  A river rat (D:5)
  5 shadow imps
  2 oozes
  3 worms (D:2)
  2 dart slugs (D:1)
  7 leopard geckos
  130 orcs
  4 bats
  7 giant cockroaches
  5 goblins
  6 hobgoblins
  8 jackals
  3 quokkas
  2 ball pythons (D:5)
  3 frilled lizards
  16 kobolds
  A leopard gecko skeleton (D:6)
  A quokka skeleton (D:4)
  7 rats
  A plant (D:10)
533 creatures vanquished.

Vanquished Creatures (collateral kills)
  Josephine (D:12)
  A howler monkey (D:12)
  6 orcs
8 creatures vanquished.

Vanquished Creatures (others)
  An ogre (D:4)
  A howler monkey (D:12)
  A gnoll (D:4)
  An adder (D:12)
  An orc (D:4)
  A frilled lizard (D:4)
  36 fulminant prisms
42 creatures vanquished.

Grand Total: 583 creatures vanquished

Notes
Turn   | Place    | Note
-------+----------+-------------------------------------------
     0 | D:1      | emperorscorpion the Deep Elf Ice Elementalist began the quest for the Orb.
     0 | D:1      | Reached XP level 1. HP: 10/10 MP: 6/6
   370 | D:1      | Reached XP level 2. HP: 15/15 MP: 6/8
  1297 | D:2      | Reached XP level 3. HP: 19/19 MP: 8/10
  1343 | D:2      | Reached skill level 4 in Spellcasting
  2118 | D:2      | Reached XP level 4. HP: 15/24 MP: 7/12
  2746 | D:3      | Found a faded altar of an unknown god.
  2942 | D:3      | Learned a level 4 spell: Throw Icicle
  3066 | D:3      | Found a runed door.
  3070 | D:3      | Noticed Crazy Yiuf
  3076 | D:3      | Killed Crazy Yiuf
  3076 | D:3      | Reached XP level 5. HP: 28/28 MP: 2/14
  3227 | D:4      | Reached skill level 5 in Spellcasting
  3236 | D:4      | Reached skill level 5 in Ice Magic
  3236 | D:4      | Killed an ogre
  3407 | D:4      | Found a shimmering altar of Xom.
  3622 | D:4      | Found a transporter.
  3633 | D:4      | Found a transporter.
  3638 | D:4      | Reached XP level 6. HP: 33/33 MP: 9/16
  4084 | D:4      | Reached skill level 6 in Spellcasting
  4735 | D:4      | Gained mutation: You have sharp toenails. [potion of mutation]
  4735 | D:4      | Gained mutation: You are partially covered in rugged brown scales. (AC +1, +3% HP) [potion of mutation]
  4830 | D:4      | Reached XP level 7. HP: 38/38 MP: 18/18
  5004 | D:5      | Entered Level 5 of the Dungeon
  5017 | D:5      | Learned a level 4 spell: Summon Ice Beast
  5115 | D:5      | Found a staircase to the Ecumenical Temple.
  5127 | D:5      | Reached skill level 7 in Spellcasting
  5131 | Temple   | Entered the Ecumenical Temple
  5572 | Temple   | Became a worshipper of Vehumet
  5617 | D:5      | Found Nebiunax's Weapon Shoppe.
  5626 | D:5      | Reached skill level 1 in Evocations
  5767 | D:5      | Noticed Menkaure
  5776 | D:5      | Killed Menkaure
  5776 | D:5      | Reached skill level 1 in Fighting
  5813 | D:5      | Noticed Grinder
  5824 | D:5      | Reached skill level 1 in Staves
  5824 | D:5      | Reached XP level 8. HP: 27/44 MP: 0/21
  5846 | D:5      | Killed Grinder
  5846 | D:5      | Reached skill level 8 in Spellcasting
  5976 | D:5      | Noticed Ijyb
  5980 | D:5      | Killed Ijyb
  5999 | D:5      | HP: 2/44 [sky beast (5)]
  6002 | D:5      | Reached * piety under Vehumet
  6002 | D:5      | Offered knowledge of Flame Tongue by Vehumet.
  6005 | D:5      | Learned a level 1 spell: Flame Tongue
  6751 | D:6      | Reached XP level 9. HP: 37/48 MP: 23/23
  7024 | D:6      | Noticed Eustachio
  7038 | D:5      | Killed Eustachio
  7038 | D:5      | Reached skill level 9 in Spellcasting
  7211 | D:6      | Found Gasyat's Armour Boutique.
  7219 | D:6      | Reached ** piety under Vehumet
  7227 | D:6      | Offered knowledge of Searing Ray by Vehumet.
  7373 | D:6      | Noticed Sigmund
  7433 | D:6      | Killed Sigmund
  7813 | D:7      | Reached skill level 5 in Conjurations
  8119 | D:7      | Offered knowledge of Stone Arrow by Vehumet.
  8584 | D:7      | Noticed Prince Ribbit
  8592 | D:7      | Killed Prince Ribbit
  8592 | D:7      | Reached skill level 10 in Spellcasting
  8644 | D:7      | Found a hazy altar of Hepliaklqana.
  8644 | D:7      | Found a stormy altar of Qazlal.
  8931 | D:8      | Reached *** piety under Vehumet
  9041 | D:8      | Found a deep blue altar of Sif Muna.
  9099 | D:8      | Reached skill level 5 in Stealth
  9195 | D:8      | Reached skill level 5 in Staves
  9265 | D:8      | Found Sisivav's Assorted Antiques.
  9285 | D:8      | Bought a scroll labeled EHAPIBYIGEXT for 22 gold pieces
  9286 | D:8      | Bought a long smoking staff for 264 gold pieces
  9595 | D:8      | Learned a level 2 spell: Ensorcelled Hibernation
  9680 | D:8      | Noticed a two-headed ogre
  9689 | D:8      | Killed a two-headed ogre
  9689 | D:8      | Reached skill level 5 in Dodging
  9689 | D:8      | Reached XP level 10. HP: 43/56 MP: 5/26
  9929 | D:8      | Offered knowledge of Iskenderun's Mystic Blast by Vehumet.
  9968 | D:9      | Found a white marble altar of Elyvilon.
 10038 | D:9      | Noticed a death yak
 10043 | D:9      | Noticed a death yak
 10044 | D:9      | Noticed a death yak
 10045 | D:9      | Noticed a death yak
 10046 | D:9      | Noticed a death yak
 10048 | D:9      | Killed a death yak
 10048 | D:9      | Noticed a death yak
 10314 | D:9      | Killed a death yak
 10314 | D:9      | Reached skill level 1 in Hexes
 10327 | D:9      | Reached skill level 11 in Spellcasting
 10605 | D:9      | Noticed Grum
 10623 | D:8      | HP: 1/57 [orc warrior/hand axe (13)]
 10705 | D:8      | Killed a death yak
 10993 | D:8      | Killed a death yak
 10993 | D:8      | Reached XP level 11. HP: 61/61 MP: 13/28
 11196 | D:9      | Killed Grum
 11379 | D:9      | Found a staircase to the Lair.
 11435 | D:9      | Reached **** piety under Vehumet
 11588 | D:10     | Entered Level 10 of the Dungeon
 11633 | D:10     | Offered knowledge of Fulminant Prism by Vehumet.
 11718 | D:10     | Learned a level 4 spell: Fulminant Prism
 11839 | D:10     | Noticed a two-headed ogre
 11845 | D:10     | Killed a two-headed ogre
 12071 | D:10     | Reached skill level 10 in Ice Magic
 12532 | D:10     | Reached skill level 12 in Spellcasting
 12785 | D:10     | Reached ***** piety under Vehumet
 12788 | D:10     | Offered knowledge of Sticky Flame by Vehumet.
 12875 | D:10     | Noticed an orc warlord
 12912 | D:10     | Killed an orc warlord
 12960 | D:10     | Noticed an orc knight
 12981 | D:10     | Killed an orc knight
 13737 | D:11     | Found a flagged portal.
 13745 | D:10     | Learned a level 4 spell: Sticky Flame
 13798 | Bailey   | Entered a bailey
 14115 | Bailey   | Reached skill level 1 in Crossbows
 14434 | Bailey   | Noticed an orc knight
 14438 | Bailey   | Killed an orc knight
 14438 | Bailey   | Reached XP level 12. HP: 67/67 MP: 18/30
 14501 | Bailey   | Found a roughly hewn altar of Beogh.
 14570 | D:10     | Reached skill level 13 in Spellcasting
 15321 | D:11     | Offered knowledge of Ozocubu's Refrigeration by Vehumet.
 15409 | D:11     | Found a staircase to the Orcish Mines.
 16025 | D:12     | Learned a level 6 spell: Bolt of Cold
 16032 | D:12     | Learned a level 6 spell: Freezing Cloud
 16079 | D:12     | Noticed Fannar
 16098 | D:12     | Killed Fannar
 16105 | D:12     | HP: 2/67 [shadow (5)]
 16312 | D:12     | Noticed a two-headed ogre
 16318 | D:12     | Killed a two-headed ogre
 16318 | D:12     | Reached skill level 5 in Hexes
 16580 | D:12     | Reached skill level 14 in Spellcasting
 17614 | D:12     | Noticed Josephine
 17625 | D:12     | Killed Josephine
 17625 | D:12     | Noticed a catoblepas
 17633 | D:12     | Killed a catoblepas
 17808 | D:13     | Found a gate to the Vaults.
 17808 | D:13     | Noticed Rupert
 17808 | D:13     | Noticed Nessos
 17808 | D:13     | Noticed Urug
 17824 | D:13     | Offered knowledge of Lee's Rapid Deconstruction by Vehumet.
 17824 | D:13     | Reached XP level 13. HP: 62/72 MP: 33/33
 17824 | D:13     | Killed Urug
 17831 | D:13     | Killed Nessos
 17831 | D:13     | Killed Rupert
 17831 | D:13     | Reached skill level 5 in Crossbows
 17831 | D:13     | Reached skill level 15 in Spellcasting
 17844 | D:13     | HP: 2/72 [yaktaur/bolt (34)]
 18598 | D:13     | Noticed Snorg
 18603 | D:13     | Killed Snorg
 18956 | D:13     | Learned a level 6 spell: Simulacrum
 19308 | D:13     | Noticed Sonja
 19311 | D:13     | Killed Sonja
 19481 | D:14     | Reached skill level 1 in Necromancy
 19544 | D:14     | Found Vanemnovua's Armour Shoppe.
 19633 | D:14     | Reached skill level 16 in Spellcasting
 19686 | D:14     | Reached skill level 10 in Conjurations
 19793 | D:14     | Found Cidghoho's General Store.
 19842 | D:14     | Bought a potion of haste for 120 gold pieces
 19874 | D:14     | Found Sugg's Distillery.
 19877 | D:14     | Bought a potion of agility for 56 gold pieces
 19877 | D:14     | Bought a potion of magic for 112 gold pieces
 20648 | D:15     | Entered Level 15 of the Dungeon
 20815 | D:15     | Reached XP level 14. HP: 78/78 MP: 4/36
 20939 | D:15     | Offered knowledge of Conjure Ball Lightning by Vehumet.
 20950 | D:15     | Shot with an arrow by a centaur warrior

Vault maps used:
D:1:      denvon_arrival_planthouse
D:2:      kennysheep_generic_room_6
D:3:      first_ration, chequers_ecumenical_altar_simple_redux,
          uniq_crazy_yiuf_cottage
D:4:      gammafunk_steamed_eel, xom_confusion_cloud, serial_bayou,
          serial_bayou_shore_a, serial_bayou_lagoon_a, serial_bayou_shore_b,
          serial_bayou_shore_b, serial_bayou_crossing, serial_bayou_pond_d,
          hangedman_abyss_or_decor_passed, serial_bayou_ford_a
D:5:      minmay_temple_entry_overgrown, serial_shops, nicolae_shop_crystal,
          portal_sewer_entry_a, uniq_grinder, uniq_ijyb, uniq_menkaure
D:6:      serial_shops, shop, uniq_sigmund, uniq_eustachio
D:7:      gammafunk_temple_overflow_wave, uniq_prince_ribbit1
D:8:      lemuel_blue_sif_altar, serial_shops, nicolae_shop_overgrown_old_shop
D:9:      dpeg_lair_monsters, basic_altar, grunt_pizzeria, uniq_grum
D:10:     lemuel_castle_with_subvaults
D:11:     hiddenorc2_lemuel, enter_bailey_2
D:12:     uniq_fannar, uniq_josephine
D:13:     kennysheep_blocky_hall, david_vaults_3, uniq_sonja, uniq_snorg
D:14:     serial_shops, shop, nicolae_shop_waterfront, nicolae_shop_stone,
          hangedman_decor_clover_reticule
D:15:     grunt_enter_depths_snipers, solitary_fountain
Temple:   eino_narrow_crystal_temple
Bailey:   bailey_polearm_2, bailey

Skill      XL: |  1  2  3  4  5  6  7  8  9 10 11 12 13 14 |
---------------+-------------------------------------------+-----
Ice Magic      | 4 5 6 7 8 9 10 11 | 11.8
Spellcasting   | 4 5 6 7 8 10 11 12 14 16 | 16.3
Stealth        | 3 4 5 6 |  6.6
Dodging        | 3 5 6 7 |  7.1
Conjurations   | 2 4 5 6 8 9 10 | 10.1
Evocations     | 1 2 4 |  4.5
Fighting       | 1 2 3 4 |  4.5
Staves         | 1 2 5 6 7 |  7.7
Hexes          | 1 3 6 8 |  8.2
Crossbows      | 1 4 5 6 |  6.0
Necromancy     | 2 |  2.9
Short Blades   | |  0.3
Summonings     | |  0.6
Fire Magic     | |  0.7
Air Magic      | |  0.3

Action                   |  1- 3 |  4- 6 |  7- 9 | 10-12 | 13-15 || total
-------------------------+-------+-------+-------+-------+-------++-------
Melee: Spear             |    11 |       |       |       |       ||    11
       Dagger            |     1 |       |       |       |       ||     1
       Short sword       |       |     5 |       |       |       ||     5
       Quarterstaff      |       |    12 |   176 |   135 |       ||   323
       Kick              |       |       |    35 |    23 |       ||    58
 Fire: Arbalest          |       |       |       |   155 |    56 ||   211
Throw: Stone             |     3 |     1 |     1 |     4 |       ||     9
 Cast: Freeze            |    57 |    47 |    13 |    15 |     1 ||   133
       Throw Icicle      |       |    14 |   111 |   264 |   118 ||   507
       Ensorcelled Hiber |       |       |     2 |     2 |       ||     4
       Summon Ice Beast  |       |       |     1 |     2 |       ||     3
       Fulminant Prism   |       |       |       |    34 |     2 ||    36
       Sticky Flame      |       |       |       |     4 |       ||     4
       Bolt of Cold      |       |       |       |    17 |    17 ||    34
       Freezing Cloud    |       |       |       |     4 |     4 ||     8
       Flame Tongue      |       |       |       |     2 |       ||     2
       Simulacrum        |       |       |       |       |     2 ||     2
Evoke: Wand              |       |     2 |    20 |    13 |    18 ||    53
       Phial of floods   |       |       |       |     2 |       ||     2
       Sack of spiders   |       |       |       |     3 |       ||     3
  Use: Scroll            |       |    11 |     3 |     8 |     4 ||    26
       Potion            |       |     5 |     2 |     4 |     1 ||    12
 Stab: Sleeping          |     1 |     2 |     4 |       |       ||     7
       Distracted        |       |     1 |       |     1 |       ||     2
       Paralysed         |       |       |     1 |     1 |       ||     2
       Petrifying        |       |       |       |     2 |       ||     2
  Eat: Chunk             |     3 |    11 |    17 |    23 |     6 ||    60
       Ration            |       |     1 |       |     2 |     2 ||     5
Armor: Robe              |     7 |     4 |    37 |    34 |    12 ||    94
       Skin              |       |       |     1 |       |       ||     1
Dodge: Dodged            |    24 |    36 |   147 |   275 |    88 ||   570

Table legend:
 A = Spawn XP
 B = Non-spawn XP
 C = Spawn XP percentage of total XP
 D = Spawn monster count
 E = Non-spawn monster count
 F = Spawn count percentage of total count
 G = Total turns spent on level
                    A         B        C        D         E        F      G
               +---------+---------+-------+---------+---------+-------+---------
         Total |       0 |   67224 |   0.0 |       0 |     542 |   0.0 | 20950
               +---------+---------+-------+---------+---------+-------+---------
           D:1 |       0 |      40 |   0.0 |       0 |      19 |   0.0 |  1292
           D:2 |       0 |      66 |   0.0 |       0 |      19 |   0.0 |  1371
           D:3 |       0 |      93 |   0.0 |       0 |      11 |   0.0 |   553
           D:4 |       0 |     626 |   0.0 |       0 |      20 |   0.0 |  1788
           D:5 |       0 |    1410 |   0.0 |       0 |      28 |   0.0 |  1074
           D:6 |       0 |    1393 |   0.0 |       0 |      42 |   0.0 |  1355
           D:7 |       0 |    1291 |   0.0 |       0 |      35 |   0.0 |   918
           D:8 |       0 |    3662 |   0.0 |       0 |      28 |   0.0 |  1791
           D:9 |       0 |    3373 |   0.0 |       0 |      24 |   0.0 |   989
          D:10 |       0 |    8134 |   0.0 |       0 |      83 |   0.0 |  2427
          D:11 |       0 |    3997 |   0.0 |       0 |      59 |   0.0 |  1293
          D:12 |       0 |   10911 |   0.0 |       0 |      45 |   0.0 |  2058
          D:13 |       0 |   20434 |   0.0 |       0 |      65 |   0.0 |  1350
          D:14 |       0 |    4384 |   0.0 |       0 |      18 |   0.0 |  1201
          D:15 |       0 |    5267 |   0.0 |       0 |      20 |   0.0 |   302
        Bailey |       0 |    2143 |   0.0 |       0 |      26 |   0.0 |   731
               +---------+---------+-------+---------+---------+-------+---------
